 Dungeon Crawl Stone Soup version 0.31-a0-259-g771a54ca4b (webtiles) character file.

Game seed: 8644578665418361059

67 qw the Shooter (level 3, -19/29 HPs)
             Began as a Minotaur Hexslinger on July 13, 2023.
             Demolished by an ogre
             ... wielding a +0 giant club
              (25 damage)
             ... on level 3 of the Dungeon.
             The game lasted 00:00:37 (1895 turns).

qw the Shooter (Minotaur Hexslinger)                Turns: 1895, Time: 00:00:38

Health: -19/29     AC: 10    Str: 12    XL:     3   Next: 98%
Magic:  3/3        EV: 11    Int: 10    God:
Gold:   97         SH:  0    Dex: 20    Spells: 3/4 levels left

rFire   . . .        Y - +1 sling
rCold   . . .        (no shield)
rNeg    . . .        d - +0 ring mail
rPois   .            (helmet restricted)
rElec   .            (no cloak)
rCorr   .            (no gloves)
SInv    .            h - +0 pair of boots
Will    .....        (no amulet)
Stlth   +            c - +4 ring of protection
HPRegen 0.24/turn    e - +6 ring of dexterity
MPRegen 0.08/turn

%: no passive effects
@: about to teleport
A: horns 2, retaliatory headbutt
a: no special abilities


You were on level 3 of the Dungeon.
You visited 1 branch of the dungeon, and saw 3 of its levels.

You collected 97 gold pieces.


Innate Abilities, Weirdness & Mutations

You have a pair of horns on your head.
You reflexively headbutt those who attack you in melee.


   Skills:
 - Level 2.0 Fighting
 - Level 4.5 Ranged Weapons
 + Level 0.0 Armour
 - Level 2.1 Dodging
 - Level 1.0 Spellcasting
 - Level 2.0 Hexes


You had 3 spell levels left.
You knew the following spells:

 Your Spells              Type           Power      Damage    Failure   Level
a - Slow                  Hex            16%        N/A       34%         1

Your spell library contained the following spells:

 Spells                   Type           Power      Damage    Failure   Level
 Inner Flame              Hex/Fire       2%         N/A       83%         3
 Portal Projectile        Hex/Tloc       4%         N/A       83%         3
 Cause Fear               Hex            2%         N/A       98%         4

Inventory:

Hand Weapons
 Y - a +1 sling (weapon)
Armour
 d - a +0 ring mail (worn)
 h - a +0 pair of boots (worn)
 l - a +0 pair of gloves
Jewellery
 c - a +4 ring of protection (left hand)
 e - a +6 ring of dexterity (right hand)
Scrolls
 a - a scroll of summoning {unknown}
 b - a scroll of vulnerability {unknown}
 f - 2 scrolls of identify
 i - a scroll of fog {unknown}
 k - a scroll of noise {unknown}
Potions
 g - a potion of mutation
 j - 2 potions of haste {unknown}

Dungeon Overview and Level Annotations

Branches:
Dungeon (3/15)

Altars:
Ru
Zin


Message History

Enter note:
There is a stone staircase leading up here.
You open the door.
The angel shouts!
Found a glowing silver altar of Zin.
Enter note:
Enter note:
Enter note:
There is an open door here.
There is an open door here.
You see here a book of Callings.
You see here 7 stones.
Found a trident.
Enter note:
Enter note:
Enter note: An ogre comes into view. It is wielding a +0 giant club.
Found a scroll of identify.
The ogre shouts!
Enter note:
Enter note:
Enter note:
Enter note:
Enter note:
Enter note: You shoot a sling bullet.
The sling bullet hits the ogre.
The ogre is lightly wounded.
You shoot a sling bullet. The sling bullet hits the ogre!
The ogre is moderately wounded.
The ogre hits you but does no damage.
You shoot a sling bullet. The sling bullet hits the ogre.
The ogre is heavily wounded.
The ogre hits you with a +0 giant club!!
Ouch! That really hurt!
1895 ||| READING scroll of teleportation.
As you read the scroll of teleportation, it crumbles to dust.
You feel strangely unstable.
The ogre hits you with a +0 giant club!!
Ouch! That really hurt!
You die...

####.....#
.........#
####.....#
#...).###
#.......#
#######.###
########
#...###......#
###...#......#
###..@.....#
###O.....#
.......#
.#......# ###
..#......# #.#
#. ########
#.# #. #.# ?
#.###


You could see an ogre.

Vanquished Creatures
  Jessica (D:3)
  A worm (D:2)
  A ball python (D:2)
  An endoplasm (D:3)
  2 giant cockroaches (D:2)
  6 goblins
  A hobgoblin (D:1)
  6 jackals
  7 kobolds
  3 quokkas
  2 bats
  2 frilled lizards (D:1)
  3 rats (D:2)
36 creatures vanquished.

Notes
Turn   | Place    | Note
-------+----------+-------------------------------------------
     0 | D:1      | qw the Minotaur Hexslinger began the quest for the Orb.
     0 | D:1      | Reached XP level 1. HP: 16/16 MP: 1/1
     0 | D:1      | 0 ||| qw: Version: 0.3-a-52-g30416fa
     0 | D:1      | 0 ||| qw: Game counter: 6897
     0 | D:1      | 0 ||| qw: Melee chars always use a shield: true
     0 | D:1      | 0 ||| qw: God list: Okawaru
     0 | D:1      | 0 ||| qw: Allow faded altars: false
     0 | D:1      | 0 ||| qw: Do Orc after clearing Dungeon:15 true
     0 | D:1      | 0 ||| qw: Do second Lair branch before Depths: true
     0 | D:1      | 0 ||| qw: Lair rune preference: random
     0 | D:1      | 0 ||| qw: Goals: Normal
     0 | D:1      | 0 ||| PLANNING D:1-11
   145 | D:1      | Reached skill level 3 in Ranged Weapons
   175 | D:1      | Reached XP level 2. HP: 23/23 MP: 2/2
   777 | D:1      | 777 ||| UPGRADING to +0 ring mail.
   787 | D:1      | 787 ||| DROPPING +0 robe.
   788 | D:1      | 788 ||| UPGRADING to +0 pair of boots.
   793 | D:1      | 793 ||| READING scroll labelled WECRUKU XOISTRO.
   797 | D:1      | 797 ||| READING 6 scrolls labelled OFOTRE PODUASE.
   798 | D:1      | 798 ||| READING 2 scrolls labelled GYILLAO QEIMM.
   799 | D:1      | 799 ||| READING scroll labelled FAQIGG NARU.
   800 | D:1      | 800 ||| READING 5 scrolls of identify.
   800 | D:1      | 800 ||| IDENTIFYING bubbling golden potion
   801 | D:1      | 801 ||| READING 4 scrolls of identify.
   801 | D:1      | 801 ||| IDENTIFYING cyan potion
   802 | D:1      | 802 ||| DROPPING scroll of poison.
   803 | D:1      | 803 ||| DROPPING scroll of amnesia.
   804 | D:1      | 804 ||| DROPPING potion of attraction.
   981 | D:2      | Reached XP level 3. HP: 29/29 MP: 3/3
  1480 | D:2      | 1480 ||| UPGRADING to +4 ring of protection.
  1481 | D:2      | 1481 ||| UPGRADING to +6 ring of dexterity.
  1482 | D:2      | 1482 ||| READING scroll labelled VICUBE VEFIOTA.
  1583 | D:2      | 1583 ||| READING 3 scrolls of identify.
  1583 | D:2      | 1583 ||| IDENTIFYING glowing dark potion
  1584 | D:2      | 1584 ||| DROPPING potion of lignification.
  1675 | D:3      | Noticed Jessica
  1679 | D:3      | Killed Jessica
  1680 | D:3      | Reached skill level 4 in Ranged Weapons
  1765 | D:3      | Found a sacrificial altar of Ru.
  1807 | D:3      | Noticed an angel
  1808 | D:3      | Found a glowing silver altar of Zin.
  1891 | D:3      | Noticed an ogre
  1894 | D:3      | HP: 6/29 [ogre/+0 giant club (23)]
  1895 | D:3      | 1895 ||| READING scroll of teleportation.
  1895 | D:3      | Demolished by an ogre

Levels and vault maps discovered:
D:1:      mainiacjoe_arrival_reflecting_pool, layout_basic, minivault_4
D:2:      layout_basic, hangedman_decor_growths
D:3:      layout_rooms, nicolae_ru_path_of_blood, zin_angel, uniq_jessica

Skill      XL: |  1  2  3 |
---------------+----------+-----
Ranged Weapons | 3 4 |  4.5
Fighting       | 2 |  2.0
Dodging        | |  2.1
Spellcasting   | |  1.0
Hexes          | |  2.0

Action                     || total
---------------------------++-------
   Fire: Sling             ||   123
    Use: Scroll            ||     9
 Armour: Robe              ||     4
         Ring mail         ||    12
  Dodge: Dodged            ||    29

Table legend:
 A = Non-vault XP
 B = Vault XP
 C = Vault XP percentage of total XP
 D = Non-vault monster count
 E = Vault monster count
 F = Vault count percentage of total count
                 A         B        C        D         E       F
            +---------+---------+-------+---------+---------+-------
      Total |      59 |      37 |  38.5 |      35 |       1 |   2.8
            +---------+---------+-------+---------+---------+-------
        D:1 |      23 |       0 |   0.0 |      15 |       0 |   0.0
        D:2 |      28 |       0 |   0.0 |      15 |       0 |   0.0
        D:3 |       8 |      37 |  82.2 |       5 |       1 |  16.7
            +---------+---------+-------+---------+---------+-------
